 Dungeon Crawl Stone Soup version 0.18-a0-1788-g92de1ac (webtiles) character file.

665 graki42 the Sneak (level 7, -3/45 HPs)
             Began as a Halfling Assassin on Apr 19, 2016.
             Was a Believer of Okawaru.
             Slain by Wizbit's ghost (7 damage)
             ... on level 5 of the Dungeon.
             The game lasted 00:14:43 (4002 turns).

graki42 the Sneak (Halfling Assassin)               Turns: 4002, Time: 00:14:44

Health: -3/45      AC:  6    Str:  8 (11) XL:     7   Next: 88%
Magic:  15/16      EV: 21    Int:  8 (10) God:    Okawaru [**....]
Gold:   265        SH:  0    Dex: 17 (18) Spells: 0 memorised, 6 levels left

rFire  . . .     SeeInvis .     w - +2 dagger (venom)
rCold  . . .     Gourm    .     c - +1 robe
rNeg   . . .     Faith    +     (shield restricted)
rPois  .         Spirit   .     (no helmet)
rElec  .         Dismiss  .     y - +2 cloak
rCorr  .         Reflect  .     (no gloves)
SustAt .         Harm     .     (no boots)
MR     .....                    B - amulet of faith
Stlth  ++++++....               D - ring of magical power
                                (no ring)

@: heroism, not resistant to hostile enchantments, very stealthy
A: mutation resistance 1
a: Heroism, Renounce Religion


You were on level 5 of the Dungeon.
You worshipped Okawaru.
Okawaru was pleased with you.
You were hungry.

You visited 1 branch of the dungeon, and saw 5 of its levels.

You collected 265 gold pieces.

Inventory:

Hand Weapons
 b - a +0 blowgun
 j - a +0 hunting sling
 w - a +2 dagger of venom (weapon)
Missiles
 e - 8 poisoned needles
 f - 2 curare-tipped needles
 k - 28 sling bullets
 v - 8 needles of paralysis
 C - 4 tomahawks (quivered)
Armour
 c - a +1 robe (worn)
 y - a +2 cloak (worn)
Jewellery
 B - an amulet of faith (around neck)
 D - a ring of magical power (right hand)
Scrolls
 d - a scroll of enchant armour
 i - 2 scrolls of remove curse
 q - 4 scrolls of identify
 r - a scroll of magic mapping
Potions
 s - a potion of degeneration
 z - a potion of might {unknown}
 A - a potion of berserk rage {unknown}
Comestibles
 g - 6 bread rations
 h - a meat ration
 l - 3 chunks of flesh
 t - 3 beef jerkies
 u - 4 fruits


   Skills:
 + Level 2.4(7.4) Fighting
 + Level 5.2(10.2) Short Blades
 + Level 2.5(7.5) Throwing
 + Level 4.1(9.1) Dodging
 + Level 7.9(12.9) Stealth
 + Level 1.2 Invocations


You had 6 spell levels left.
You didn't know any spells.

Dungeon Overview and Level Annotations

Branches:
Dungeon (5/15)             Temple (0/1) D:4

Altars:
Okawaru
Ru

Annotations:
D:5 Wizbit's ghost, amateur DDFi


Innate Abilities, Weirdness & Mutations

You are small and have problems with some larger weapons.
You are somewhat resistant to further mutation.


Message History

Wizbit's ghost hits you.
You hit Wizbit's ghost but do no damage.
You barely miss Wizbit's ghost. Wizbit's ghost hits you!
You hit Wizbit's ghost but do no damage.
You barely miss Wizbit's ghost. Wizbit's ghost hits you!
* * * LOW HITPOINT WARNING * * *
You barely miss Wizbit's ghost.
Read which item? (? for menu, Esc to quit)
Okay, then.
You aren't carrying any items that you can evoke.
Unknown command.
Drink which item? (? for menu, Esc to quit)
It was a potion of degeneration.
There was something very wrong with that liquid.
You feel weakened.
You feel dopey.
You feel clumsy. Wizbit's ghost closely misses you.
Drink which item? (? for menu, Esc to quit)
It was a potion of mutation.
You feel extremely strange. Wizbit's ghost hits you!
You die...

*,,,,,,*,,* *** *.#[..#######..##
,,***,,*,,*******,###..###......#
*** *,,*,,,,,,,,,,* *#..O).......
* **,**,,,,,***** #((#########
*,,*,,,,** #.## * *,,**,,** ###.#
* **,**,,* #####..## *
*,,*,*####.WOc..# **
**,,,*#...@####.# **, *****#.####
### *,* #** ***


You could see an ogre, a centaur and Wizbit's ghost.

Vanquished Creatures
  The ghost of eragonby the Skirmisher, an amateur FoAK of Lugonu (D:4)
  A howler monkey (D:4)
  A crimson imp (D:5)
  An orc priest (D:5)
  A giant frog skeleton (D:4)
  A hound (D:4)
  Crazy Yiuf (D:3)
  2 orc wizards
  2 iguanas (D:4)
  2 worker ants (D:4)
  A hound skeleton (D:4)
  7 adders
  4 worms
  A giant gecko (D:2)
  19 orcs
  4 bats
  7 giant cockroaches
  13 goblins
  5 hobgoblins
  7 kobolds
  2 quokkas
  A giant gecko skeleton (D:4)
  6 giant newts
  5 rats
  A fungus (D:3)
96 creatures vanquished.

Notes
Turn   | Place    | Note
--------------------------------------------------------------
     0 | D:1      | graki42 the Halfling Assassin began the quest for the Orb.
     0 | D:1      | Reached XP level 1. HP: 14/14 MP: 1/1
   201 | D:1      | Reached XP level 2. HP: 19/19 MP: 2/2
   397 | D:1      | Reached skill level 5 in Stealth
   624 | D:2      | Reached XP level 3. HP: 24/24 MP: 3/3
   628 | D:2      | Found a faded altar to an unknown god.
   745 | D:2      | Became a worshipper of Warmaster Okawaru
   745 | D:2      | Reached * piety under Okawaru
  1017 | D:2      | Found a sacrificial altar of Ru.
  1045 | D:2      | Reached XP level 4. HP: 25/29 MP: 4/4
  2077 | D:3      | Reached XP level 5. HP: 32/34 MP: 2/5
  2085 | D:3      | Reached skill level 6 in Stealth
  2806 | D:3      | Noticed Crazy Yiuf
  2821 | D:3      | Killed Crazy Yiuf
  2872 | D:4      | Noticed eragonby's ghost (amateur FoAK)
  3073 | D:4      | Reached XP level 6. HP: 39/39 MP: 6/6
  3137 | D:4      | Reached skill level 7 in Stealth
  3154 | D:4      | Found a staircase to the Ecumenical Temple.
  3373 | D:4      | Reached ** piety under Okawaru
  3421 | D:4      | Killed eragonby's ghost
  3421 | D:4      | Reached XP level 7. HP: 34/45 MP: 5/7
  3530 | D:4      | Reached skill level 1 in Invocations
  3800 | D:5      | Entered Level 5 of the Dungeon
  3835 | D:5      | Reached skill level 5 in Short Blades
  3906 | D:5      | Noticed Wizbit's ghost (amateur DDFi)
  4002 | D:5      | Slain by Wizbit's ghost

Vault maps used:
D:1:      minmay_arrival_solitary_statue, hex_intersection
D:2:      old_standard_altar, first_bread, ecumenical_altar_2
D:3:      minmay_door_path, kennysheep_generic_room_5, uniq_crazy_yiuf_cottage
D:4:      temple_hall, kennysheep_dice
D:5:      kennysheep_slugbush, lemuel_doored_altar

Skill      XL: |  1  2  3  4  5  6  7 |
---------------+----------------------+-----
Stealth        | 5 6 7 |  7.9
Short Blades   | 3 4 5 |  5.2
Fighting       | 2 |  2.4
Dodging        | 2 3 4 |  4.1
Invocations    | 1 |  1.2
Throwing       | |  2.5

Action                   |  1- 3 |  4- 6 |  7- 9 || total
-------------------------+-------+-------+-------++-------
Melee: Dagger            |    87 |   202 |   102 ||   391
       Punch             |       |     2 |     1 ||     3
Invok: Heroism           |       |     5 |     3 ||     8
  Use: Scroll            |     1 |       |     7 ||     8
       Potion            |       |     1 |     3 ||     4
 Stab: Sleeping          |     8 |    12 |     2 ||    22
       Distracted        |       |     2 |       ||     2
  Eat: Chunk             |       |     8 |     2 ||    10
Armor: Robe              |    14 |    21 |    10 ||    45
Dodge: Dodged            |    41 |   101 |    70 ||   212
